 Dungeon Crawl Stone Soup version 0.21-a0-58-g625dad4 (webtiles) character file.

4273 Manul the Cudgeler (level 10, -17/76 HPs)
             Began as a Mummy Fighter on June 16, 2017.
             Was an Initiate of Gozag.
             Demolished by a two-headed ogre
             ... wielding a +0 giant club
              (21 damage)
             ... on level 7 of the Dungeon.
             The game lasted 00:13:12 (11621 turns).

Manul the Cudgeler (Mummy Fighter)                 Turns: 11621, Time: 00:13:13

Health: -17/76     AC: 13    Str: 21    XL:     10   Next: 10%
Magic:  10/10      EV:  9    Int:  8    God:    Gozag
Gold:   349        SH: 14    Dex: 13    Spells: 9/9 levels left

rFire    x . .     SeeInvis .   a - +1 flail
rCold    + . .     Gourm    .   c - +0 shield
rNeg     + + +     Faith    .   b - +0 scale mail
rPois    ∞         Spirit   .   o - +2 helmet
rElec    .         Reflect  +   t - +0 cloak
rCorr    +         Harm     .   (no gloves)
MR       +....                  p - +0 pair of boots
Stlth    ..........             m - +3 amulet of reflection
HPRegen  0.22/turn              w - ring of resist corrosion
MPRegen  0.12/turn              (no ring)

@: no status effects
A: no food or potions, fire vulnerability, cold resistance 1, negative energy
resistance 3, torment resistance, unbreathing
a: Potion Petition, Call Merchant, Bribe Branch, Renounce Religion


You were on level 7 of the Dungeon.
You worshipped Gozag.
Gozag was aware of your devotion.
You were not hungry.

You visited 2 branches of the dungeon, and saw 10 of its levels.
You also visited: Ossuary.

You collected 1079 gold pieces.
You paid 730 gold pieces to Gozag.

Inventory:

Hand Weapons
 a - a +1 flail (weapon)
Armour
 b - a +0 scale mail (worn)
 c - a +0 shield (worn)
 o - a +2 helmet (worn)
 p - a +0 pair of boots (worn)
 t - a +0 cloak (worn)
Jewellery
 m - a +3 amulet of reflection (around neck)
 w - a ring of resist corrosion (left hand)
Wands
 e - a wand of enslavement (6/24)
 u - a wand of flame (10/48)
Scrolls
 d - 3 scrolls of enchant weapon
 f - 2 scrolls of recharging
 g - 5 scrolls of identify
 h - 2 scrolls of blinking
 i - 2 scrolls of teleportation
 j - 3 scrolls of fog
 k - a scroll of immolation {unknown}
 l - a scroll of magic mapping
 n - a scroll of remove curse
 q - a scroll of enchant armour
 r - a scroll of fear
 s - a scroll of amnesia
Books
 v - a book of Conjurations

   Spells                             Type                      Level
   a - Magic Dart                     Conjuration                  1
   b - Searing Ray                    Conjuration                  2
   c - Dazzling Spray                 Conjuration/Hexes            3
   d - Fulminant Prism                Conjuration/Hexes            4
   e - Force Lance                    Conjuration/Translocation    4
   f - Iskenderun's Mystic Blast      Conjuration                  4


   Skills:
 + Level 5.9 Fighting
 + Level 7.5 Maces & Flails
 + Level 5.7 Armour
 + Level 3.0 Dodging
 + Level 6.7 Shields
 + Level 0.4 Evocations


You had 9 spell levels left.
You didn't know any spells.

Dungeon Overview and Level Annotations

Branches:
Dungeon (9/15)             Temple (1/1) D:5
   Lair: D:8-11         Orc: D:9-12

Altars:
Ashenzari
Cheibriados
Dithmenos
Elyvilon
Fedhas
Gozag
Hepliaklqana
Kikubaaqudgha
Makhleb
Nemelex Xobeh
Okawaru
Qazlal
Ru
Sif Muna
Trog
Uskayaw
Vehumet
Wu Jian
Xom
Yredelemnul
Zin
The Shining One

Shops:
D:6 :   D:7 (


Innate Abilities, Weirdness & Mutations

You do not eat or drink.
Your flesh is vulnerable to fire.
You are immune to poison.
Your flesh is cold resistant. (rC+)
You are immune to negative energy. (rN+++)
You are immune to unholy pain and torment.
You can survive without breathing.


Message History

You are too injured to fight recklessly!
You are too injured to fight recklessly!
You are too injured to fight recklessly!
You barely miss the two-headed ogre.
The two-headed ogre is heavily wounded.
You sock the two-headed ogre!
The two-headed ogre is almost dead.
The two-headed ogre hits you with a giant club!
* * * LOW HITPOINT WARNING * * *
You block the two-headed ogre's attack.
You barely miss the two-headed ogre.
The two-headed ogre is almost dead.
The two-headed ogre barely misses you.
The two-headed ogre hits you with a giant club!
* * * LOW HITPOINT WARNING * * *
You hit the two-headed ogre.
The two-headed ogre is almost dead.
The two-headed ogre hits you with a giant club!!
You die...
Your body crumbles into a pile of gold.

#.......#.....#
#####'####.....#
#..............#
#..............#
#............%.#
#..............#
#..............#
#####
######.....#####
#.... #@....#
#.... #O....#
#.... '.....#
#<... .#.....#
#.... ..#.....#
#.... .. #.....#
#.... #..
#.>...# #.... ##
#.....# #...)
###..


You could see a two-headed ogre.

Vanquished Creatures
  Psyche (D:8)
  Grinder (D:4)
  A yak (D:7)
  Eustachio (D:5)
  Edmund (D:4)
  A water moccasin (D:8)
  3 bullfrogs (D:8)
  An orc warrior (D:6)
  A porcupine (D:8)
  3 phantoms
  A sky beast (D:5)
  A black bear (D:7)
  2 ogres
  A wolf (D:8)
  2 centaurs
  A big kobold (D:8)
  Blork the orc (D:6)
  An elf zombie (Ossuary)
  2 scorpions
  A jelly (D:5)
  7 killer bees
  4 howler monkeys (D:7)
  A centaur zombie (Ossuary)
  2 crimson imps
  2 human zombies
  A hound (D:4)
  Crazy Yiuf (D:6)
  Ijyb (D:3)
  2 bullfrog zombies
  2 orc priests
  A centaur skeleton (D:8)
  2 orc wizards
  2 iguanas
  Natasha (twice) (D:4)
  7 worker ants
  A hound zombie (D:5)
  2 mummies (Ossuary)
  A gnoll (D:3)
  A howler monkey zombie (D:6)
  12 adders
  2 oozes
  An adder skeleton (D:5)
  2 adder zombies (Ossuary)
  6 worms
  2 dart slugs
  4 leopard geckos
  17 orcs
  5 giant cockroaches
  14 goblins
  13 hobgoblins
  4 jackals (D:1)
  6 kobolds
  6 quokkas
  2 ball pythons
  A ball python skeleton (D:5)
  9 bats
  5 frilled lizards
  2 giant cockroach zombies (D:5)
  A goblin zombie (Ossuary)
  11 hobgoblin zombies (Ossuary)
  3 jackal zombies (Ossuary)
  6 kobold zombies (Ossuary)
  A leopard gecko skeleton (D:5)
  9 orc zombies (Ossuary)
  12 rats
  A rat zombie (Ossuary)
226 creatures vanquished.

Vanquished Creatures (collateral kills)
  Grum (D:8)
1 creature vanquished.

Vanquished Creatures (others)
  A centaur (D:6)
  An orc (D:3)
  37 fungi (D:8)
  22 plants (D:8)
61 creatures vanquished.

Grand Total: 288 creatures vanquished

Notes
Turn   | Place    | Note
-------+----------+-------------------------------------------
     0 | D:1      | Manul the Mummy Fighter began the quest for the Orb.
     0 | D:1      | Reached XP level 1. HP: 18/18 MP: 1/1
   416 | D:1      | Reached XP level 2. HP: 23/24 MP: 2/2
   515 | D:1      | Reached skill level 2 in Maces & Flails
   593 | D:1      | Reached XP level 3. HP: 5/29 MP: 3/3
  1853 | D:2      | Reached XP level 4. HP: 10/35 MP: 4/4
  2893 | D:3      | Noticed Ijyb
  2898 | D:3      | Reached XP level 5. HP: 41/41 MP: 5/5
  2962 | D:3      | Killed Ijyb
  3127 | D:3      | Found a glowing drain.
  3149 | D:3      | Reached skill level 3 in Maces & Flails
  4004 | D:2      | Reached XP level 6. HP: 17/48 MP: 6/6
  4418 | D:3      | Found a burning altar of Makhleb.
  4522 | D:4      | Found a glowing golden altar of the Shining One.
  4715 | D:4      | Noticed Grinder
  4719 | D:4      | Paralysed by Grinder for 6 turns
  4744 | D:4      | Killed Grinder
  4744 | D:4      | Reached skill level 4 in Maces & Flails
  4744 | D:4      | Reached skill level 1 in Dodging
  4744 | D:4      | Reached XP level 7. HP: 44/54 MP: 7/7
  5118 | D:4      | Noticed Natasha
  5120 | D:4      | Noticed Edmund
  5124 | D:4      | Killed Natasha
  5144 | D:4      | Killed Edmund
  5347 | D:4      | Reached skill level 5 in Maces & Flails
  5845 | D:4      | Noticed Natasha
  5857 | D:4      | Killed Natasha
  5928 | D:5      | Entered Level 5 of the Dungeon
  5930 | D:5      | Found a staircase to the Ecumenical Temple.
  5953 | Temple   | Entered the Ecumenical Temple
  6059 | Temple   | Became a worshipper of Gozag Ym Sagoz the Greedy
  6162 | D:5      | Reached XP level 8. HP: 57/61 MP: 8/8
  7185 | D:6      | Noticed Eustachio
  7294 | D:5      | Killed Eustachio
  7294 | D:5      | Reached skill level 6 in Maces & Flails
  7386 | D:6      | Found a sand-covered staircase.
  7399 | D:6      | Reached skill level 5 in Fighting
  7404 | Ossuary  | Entered an ossuary
  7978 | D:6      | Noticed Blork the orc
  7996 | D:6      | Killed Blork the orc
  8043 | D:6      | Found Liuhimug's Book Shoppe.
  8165 | D:6      | Reached skill level 5 in Shields
  8165 | D:6      | Reached XP level 9. HP: 37/68 MP: 9/9
  8251 | D:6      | Found a runed door.
  8339 | D:6      | Noticed Crazy Yiuf
  8347 | D:6      | Killed Crazy Yiuf
  8403 | D:7      | Noticed a two-headed ogre
  8500 | D:7      | Reached skill level 5 in Armour
  9309 | D:8      | Noticed Psyche
  9713 | D:8      | Noticed Grum
 10279 | D:8      | Killed Grum
 10317 | D:8      | Reached skill level 7 in Maces & Flails
 10520 | D:8      | Killed Psyche
 10921 | D:7      | Reached XP level 10. HP: 36/76 MP: 10/10
 11621 | D:7      | Demolished by a two-headed ogre

Vault maps used:
D:1:      lightli_arrival_boilingwater
D:2:      minmay_door_path
D:3:      kennysheep_the_goblin_king, marbit_many_paths, first_bread,
          cheibrodos_sewer_entry_bend
D:4:      tso_metal_star, uniq_grinder, uniq_natasha, uniq_edmund
D:5:      minmay_temple_entry_butterflies, serial_glass, glass_columns_a,
          glass_columns_b, minmay_strange_pillars, due_unseen_surprise,
          minmay_strange_pillars, minmay_stone_trees_medium
D:6:      enter_ossuary_3, serial_shops, shop_fountains, uniq_eustachio,
          uniq_blork_the_orc, uniq_crazy_yiuf_cottage
D:8:      due_lair_maze_entry_diamond, blue_anna_alchemist, uniq_psyche,
          uniq_grum
D:9:      orc_0_dummy
Temple:   kilobyte_greek_temple
Ossuary:  ossuary_tomb_1

Skill      XL: |  1  2  3  4  5  6  7  8  9 |
---------------+----------------------------+-----
Maces & Flails | 2 3 4 5 6 7 |  7.5
Armour         | 3 4 5 |  5.7
Shields        | 3 4 5 6 |  6.7
Fighting       | 4 5 |  5.9
Dodging        | 1 2 3 |  3.0
Evocations     | |  0.4

Action                   |  1- 3 |  4- 6 |  7- 9 | 10-12 || total
-------------------------+-------+-------+-------+-------++-------
Melee: Flail             |   192 |   254 |   598 |    85 ||  1129
Invok: Potion Petition   |       |       |     1 |       ||     1
       Call Merchant     |       |       |       |     1 ||     1
Evoke: Wand              |       |       |     1 |       ||     1
  Use: Scroll            |       |     4 |    13 |       ||    17
 Stab: Distracted        |       |       |     1 |       ||     1
Armor: Scale mail        |    90 |    96 |   206 |    40 ||   432
Dodge: Dodged            |    79 |    77 |   164 |    29 ||   349
Block: Shield            |   108 |   131 |   413 |    65 ||   717
       Reflection        |       |     3 |    14 |       ||    17
